 Dungeon Crawl Stone Soup version 0.23.2-40-g277498a001 (webtiles) character file.

Game seed: 2109238677742864077

18818 Exodus22XD the Thaumaturge (level 12, -7/74 HPs)
             Began as a Mummy Wizard on Sept 14, 2019.
             Was an Initiate of Gozag.
             Hit by a large rock thrown by a stone giant (21 damage)
             ... on level 2 of the Orcish Mines on Sept 15, 2019.
             The game lasted 02:17:58 (21797 turns).

Exodus22XD the Thaumaturge (Mummy Wizard)          Turns: 21797, Time: 02:17:59

Health: -7/74      AC:  7    Str: 12    XL:     12   Next: 31%
Magic:  4/37       EV: 12    Int: 21    God:    Gozag
Gold:   2689       SH:  3    Dex: 10    Spells: 24/35 levels left

rFire    + . .     SeeInvis .   o - staff of fire
rCold    . . .     Gourm    .   (no shield)
rNeg     + + +     Faith    .   a - +0 robe
rPois    ∞         Spirit   .   r - +1 helmet
rElec    .         Reflect  +   h - +0 cloak {+Inv}
rCorr    .         Harm     .   e - +0 pair of gloves
MR       +....                  b - +0 pair of boots
Stlth    ++........             f - +3 amulet of reflection
HPRegen  0.22/turn              v - ring of magical power
MPRegen  0.25/turn              s - ring of fire

@: gold aura, very slightly contaminated, invisible
A: no food or potions, fire vulnerability, cold resistance 1, negative energy
resistance 3, torment resistance, unbreathing
a: Potion Petition, Call Merchant, Bribe Branch, Renounce Religion


You were on level 2 of the Orcish Mines.
You worshipped Gozag.
Gozag was most pleased with you.
You were not hungry.

You visited 4 branches of the dungeon, and saw 17 of its levels.
You also visited: Sewer.

You collected 3494 gold pieces.
You spent 734 gold pieces at shops.
You paid 71 gold pieces to Gozag.

Inventory:

Hand Weapons
 g - a +1 dagger of draining
Armour
 a - a +0 robe (worn)
 b - a +0 pair of boots (worn)
 e - a +0 pair of gloves (worn)
 h - a +0 cloak of invisibility (worn)
 r - a +1 helmet (worn)
Magical Staves
 o - an uncursed staff of fire (weapon)
 q - an uncursed staff of conjuration
 u - an uncursed staff of summoning
 y - an uncursed staff of wizardry
Jewellery
 f - a +3 amulet of reflection (around neck)
 s - a ring of fire (right hand)
 v - a ring of magical power (left hand)
 D - an uncursed amulet of magic regeneration
 G - an uncursed ring of wizardry
 H - an uncursed ring of ice
Wands
 n - a wand of disintegration (21)
 p - a wand of flame (3)
 x - a wand of digging (3)
 A - a wand of polymorph (15)
 C - a wand of enslavement (17)
Scrolls
 c - 5 scrolls of amnesia
 i - 6 scrolls of remove curse
 j - 7 scrolls of teleportation
 k - a scroll of torment
 l - a scroll of immolation
 m - 2 scrolls of enchant weapon
 t - a scroll of magic mapping
 w - 7 scrolls of identify
 E - a scroll of fog
 F - a scroll of holy word
Miscellaneous
 d - a box of beasts
 z - a lightning rod (4/4)


   Skills:
 - Level 0.3 Staves
 - Level 1.5 Dodging
 - Level 1.5 Stealth
 - Level 12.0 Spellcasting
 * Level 10.8 Conjurations
 - Level 3.8 Summonings
 - Level 0.7 Translocations
 - Level 10.0 Fire Magic


You had 24 spell levels left.
You knew the following spells:

 Your Spells              Type           Power        Failure   Level  Hunger
a - Magic Dart            Conj           ####         1%          1    N/A
b - Call Imp              Summ           ####....     1%          2    N/A
c - Blink                 Tloc           N/A          6%          2    N/A
d - Conjure Flame         Conj/Fire      #######.     1%          3    N/A
e - Mephitic Cloud        Conj/Pois/Air  ####....     3%          3    N/A

Your spell library contained the following spells:

 Spells                   Type           Power        Failure   Level  Hunger
 Dazzling Spray           Conj/Hex       #####.       1%          3    N/A
 Corona                   Hex            ##.....      5%          1    N/A
 Ensorcelled Hibernation  Hex/Ice        ##....       8%          2    N/A
 Slow                     Hex            ##......     8%          2    N/A
 Confuse                  Hex            ##......     16%         3    N/A
 Tukima's Dance           Hex            ##......     16%         3    N/A

Dungeon Overview and Level Annotations

Branches:
Dungeon (10/15)            Temple (1/1) D:4            Lair (4/6) D:9
 Shoals (0/4) Lair:3        Snake (0/4) Lair:3          Orc (2/2) D:9
    Elf: Orc:2

Altars:
Ashenzari
Cheibriados
Dithmenos
Elyvilon
Fedhas
Gozag
Hepliaklqana
Kikubaaqudgha
Makhleb
Nemelex Xobeh
Okawaru
Qazlal
Ru
Sif Muna
Trog
Uskayaw
Vehumet
Wu Jian
Xom
Yredelemnul
Zin
The Shining One
Beogh

Shops:
D:6 (?%*=   D:10 (   Orc:1 ([(

Annotations:
Lair:2 Gastronok
Lair:3 exclusion: oklob plant
Orc:2 exclusion: stone giant


Innate Abilities, Weirdness & Mutations

You do not eat or drink.
Your flesh is vulnerable to fire.
You are immune to poison.
Your flesh is cold resistant. (rC+)
You are immune to negative energy. (rN+++)
You are immune to unholy pain and torment.
You can survive without breathing.


Message History

You feel a strong surge of power!
The fire ignites!
Casting: Conjure Flame (safe; 1% risk of failure)
Confirm with . or Enter, or press ? or * to list all spells.
Aiming: Conjure Flame (safe; 1% risk of failure)
Press: ? - help, Dir - move target cursor You feel a strong surge of power!
The fire ignites!
The stone giant seems less confused.
An orc wizard comes into view.
It is wielding a +1 dagger of protection.
The stone giant throws a large rock.
The large rock hits you!!!
Ouch! That really hurt!
* * * LOW HITPOINT WARNING * * *
Blink to where?
Press: ? - help, Dir - move target cursor You are very lightly contaminated with residual magic.
As you read the scroll of blinking, it crumbles to dust.
You fail to use your ability.
You fade into invisibility!
The stone giant throws a large rock.
The large rock hits you!!
You die...
Your body crumbles into a pile of gold.

. ### .. $
##.## #.#
##...#..# ....
#.......#
....####.@##..#
.....#.#.#.#..#
#.$........# #
#.........#
#..<....##
#.###§#.....#
....§§$$<..##
.....C.....# $
.......$..#...#


You could see a stone giant.

Vanquished Creatures
  Harold (D:9)
  3 hydras
  A two-headed ogre (D:8)
  Erica (D:9)
  A black mamba (Lair:2)
  5 spiny frogs
  5 komodo dragons
  A troll (Orc:1)
  2 hippogriffs
  2 dream sheep (D:8)
  14 yaks
  2 wyverns
  2 basilisks
  Grum (D:9)
  A hungry ghost (D:10)
  12 water moccasins
  2 porcupines
  10 orc warriors
  A sky beast (D:5)
  An ice beast (D:8)
  A necrophage (D:8)
  A phantom (D:5)
  7 ogres
  5 crocodiles
  14 wolves
  A gnoll sergeant (D:10)
  3 big kobolds (D:8)
  12 bullfrogs
  A water moccasin zombie (D:6)
  5 scorpions
  3 killer bees (D:9)
  A crimson imp (D:8)
  2 bullfrog zombies (D:9)
  2 jellies
  A bullfrog skeleton (D:9)
  7 hounds
  4 orc wizards
  11 orc priests
  4 iguanas
  4 worker ants
  A hound zombie (D:5)
  A worker ant zombie (D:5)
  17 adders
  7 gnolls
  A shadow imp (D:10)
  3 adder skeletons
  3 worms
  3 dart slugs
  8 leopard geckos
  73 orcs
  6 ball pythons
  10 bats
  15 giant cockroaches
  3 goblins
  5 hobgoblins
  10 jackals
  5 kobolds
  3 quokkas
  11 frilled lizards
  A quokka skeleton (D:6)
  11 rats
354 creatures vanquished.

Vanquished Creatures (collateral kills)
  A polar bear (Lair:3)
  A water moccasin (Lair:3)
  A porcupine (Lair:3)
  An orc warrior (D:6)
  A bullfrog (D:6)
  A water moccasin skeleton (D:9)
  A hound (D:6)
  A jelly (D:10)
  An iguana (D:7)
  A gnoll (D:6)
  A ball python (Lair:3)
11 creatures vanquished.

Vanquished Creatures (others)
  7 fungi
  5 plants
12 creatures vanquished.

Grand Total: 377 creatures vanquished

Notes
Turn   | Place    | Note
-------+----------+-------------------------------------------
     0 | D:1      | Exodus22XD the Mummy Wizard began the quest for the Orb.
     0 | D:1      | Reached XP level 1. HP: 13/13 MP: 5/5
     8 | D:1      | Reached skill level 1 in Conjurations
   184 | D:1      | Reached XP level 2. HP: 18/19 MP: 0/7
   937 | D:2      | Reached XP level 3. HP: 24/24 MP: 3/8
  1832 | D:3      | Reached XP level 4. HP: 30/30 MP: 3/10
  2002 | D:3      | Learned a level 2 spell: Call Imp
  2005 | D:3      | Learned a level 2 spell: Blink
  2009 | D:3      | Learned a level 3 spell: Conjure Flame
  2013 | D:3      | Learned a level 3 spell: Mephitic Cloud
  2665 | D:4      | Found a staircase to the Ecumenical Temple.
  2671 | Temple   | Entered the Ecumenical Temple
  2722 | Temple   | Became a worshipper of Gozag Ym Sagoz the Greedy
  2936 | D:4      | Reached XP level 5. HP: 30/35 MP: 2/11
  2996 | D:4      | Found a shattered altar of Ashenzari.
  3707 | D:5      | Entered Level 5 of the Dungeon
  3725 | D:5      | Noticed a phantom
  3782 | D:5      | Killed a phantom
  3782 | D:5      | Reached skill level 5 in Conjurations
  3782 | D:5      | Reached XP level 6. HP: 30/41 MP: 0/12
  4908 | D:5      | Noticed a sky beast
  4940 | D:5      | Killed a sky beast
  5372 | D:6      | Noticed an orc warrior
  5377 | D:6      | Reached XP level 7. HP: 46/46 MP: 6/13
  5730 | D:6      | Found Alaud's Assorted Antiques.
  5824 | D:6      | Found Otihacu's Food Shoppe.
  5829 | D:6      | Found Duaddet's Weapon Shop.
  5835 | D:6      | Found a glowing drain.
  5874 | Sewer    | Entered a sewer
  6138 | Sewer    | Reached skill level 1 in Fire Magic
  6497 | D:6      | Identified a scroll of acquirement
  7069 | D:6      | Reached XP level 8. HP: 52/52 MP: 1/14
  7161 | D:6      | Found Hourph's Jewellery Shoppe.
  7386 | D:6      | Bought a pair of boots for 112 gold pieces
  7393 | D:6      | Bought a shiny helmet for 187 gold pieces
  7577 | D:6      | Found Usutit's Magic Scroll Boutique.
  7580 | D:6      | Bought a scroll of teleportation for 39 gold pieces
  7580 | D:6      | Bought a scroll of remove curse for 39 gold pieces
  7580 | D:6      | Bought a scroll of torment for 97 gold pieces
  8837 | D:7      | Reached skill level 5 in Fire Magic
  9216 | D:8      | Noticed a two-headed ogre
  9560 | D:6      | Bought an uncursed ring of magical power for 260 gold
                  | pieces
  9725 | D:8      | Reached skill level 5 in Spellcasting
  9899 | D:9      | Reached skill level 6 in Spellcasting
  9991 | D:9      | Noticed a hippogriff
 10004 | D:9      | Noticed Harold
 10004 | D:9      | Killed a hippogriff
 10004 | D:9      | Reached skill level 7 in Spellcasting
 10004 | D:9      | Reached XP level 9. HP: 57/57 MP: 13/19
 10019 | D:9      | Killed Harold
 10019 | D:9      | Reached skill level 9 in Spellcasting
 10203 | D:9      | Noticed Grum
 10209 | D:9      | Reached skill level 10 in Spellcasting
 10217 | D:9      | Killed Grum
 10493 | D:9      | Noticed Erica
 10506 | D:9      | Killed Erica
 10506 | D:9      | Reached XP level 10. HP: 60/63 MP: 16/24
 11030 | D:9      | Found a staircase to the Lair.
 11337 | D:9      | Found a staircase to the Orcish Mines.
 12087 | D:8      | Killed a two-headed ogre
 12233 | D:8      | Noticed a three-headed hydra
 12274 | D:8      | Killed a three-headed hydra
 12896 | D:10     | Entered Level 10 of the Dungeon
 12907 | D:10     | Reached skill level 10 in Conjurations
 13101 | Lair:1   | Entered Level 1 of the Lair of Beasts
 13151 | Lair:1   | Reached XP level 11. HP: 68/68 MP: 16/25
 14481 | Lair:1   | Noticed a fire dragon
 14752 | Lair:2   | Noticed Gastronok
 14798 | Lair:2   | HP: 2/68 [Gastronok/the air (38)]
 16200 | Lair:3   | Noticed an eight-headed hydra
 16573 | Lair:3   | Found a staircase to the Shoals.
 16940 | Lair:3   | Noticed a four-headed hydra
 17551 | Lair:3   | Killed an eight-headed hydra
 17551 | Lair:3   | Reached skill level 10 in Fire Magic
 17710 | Lair:3   | Noticed an oklob plant
 17730 | Lair:3   | Found a staircase to the Snake Pit.
 17981 | Lair:3   | Reached skill level 11 in Spellcasting
 18058 | Lair:3   | Killed a four-headed hydra
 18058 | Lair:3   | Reached XP level 12. HP: 32/74 MP: 13/27
 18950 | Lair:4   | Noticed a death yak
 18950 | Lair:4   | Noticed a death yak
 18950 | Lair:4   | Noticed a death yak
 18966 | Lair:4   | Noticed a death yak
 18966 | Lair:4   | Noticed a death yak
 18966 | Lair:4   | Noticed a death yak
 19551 | D:9      | Reached skill level 12 in Spellcasting
 20580 | D:10     | Found Koetwan's Weapon Shoppe.
 20702 | Orc:1    | Entered Level 1 of the Orcish Mines
 20702 | Orc:1    | Found Zuadob's Antique Weapon Shop.
 20706 | Orc:1    | Found a roughly hewn altar of Beogh.
 21334 | Orc:1    | Found Afasooppapp's Armour Shop.
 21550 | Orc:1    | Found Dekeniyna's Weapon Emporium.
 21770 | Orc:2    | Entered Level 2 of the Orcish Mines
 21778 | Orc:2    | Noticed a stone giant
 21797 | Orc:2    | Hit by a large rock thrown by a stone giant

Skill      XL: |  1  2  3  4  5  6  7  8  9 10 11 12 |
---------------+-------------------------------------+-----
Conjurations   | 1 2 3 4 5 6 10 | 10.8
Summonings     | 2 3 |  3.8
Fire Magic     | 3 5 6 10 | 10.0
Spellcasting   | 7 10 11 12 | 12.0
Staves         | |  0.3
Dodging        | |  1.5
Stealth        | |  1.5
Translocations | |  0.7

Action                   |  1- 3 |  4- 6 |  7- 9 | 10-12 || total
-------------------------+-------+-------+-------+-------++-------
Melee: Hand axe          |    13 |       |       |       ||    13
       Dagger            |     2 |    43 |       |       ||    45
       Staff             |       |       |    58 |     5 ||    63
 Cast: Magic Dart        |    94 |   135 |   296 |   602 ||  1127
       Conjure Flame     |       |     6 |    28 |   191 ||   225
       Mephitic Cloud    |       |     2 |    14 |    56 ||    72
       Call Imp          |       |       |    14 |    35 ||    49
       Blink             |       |       |     1 |    22 ||    23
 Abil: Evoke Invisibilit |       |       |       |     2 ||     2
Evoke: Wand              |       |       |    10 |       ||    10
  Use: Scroll            |       |     8 |     9 |     7 ||    24
 Stab: Confused          |       |     1 |     1 |       ||     2
       Distracted        |       |       |     2 |       ||     2
Armor: Robe              |     4 |    23 |    53 |    42 ||   122
Dodge: Dodged            |    21 |    35 |    83 |    92 ||   231
Block: Other             |       |     3 |    13 |    24 ||    40
       Reflection        |       |       |       |     3 ||     3
